 Dungeon Crawl Stone Soup version 0.29.0-15-g675c0067aa (webtiles) character file.

Game seed: 6270358337244023543

51 qw the Sneak (level 3, -1/23 HPs)
             Began as a Gargoyle Delver on Sept 11, 2022.
             Slain by a kobold brigand
             ... wielding a +0 club
              (3 damage)
             ... on level 4 of the Dungeon.
             The game lasted 00:00:12 (639 turns).

qw the Sneak (Gargoyle Delver)                       Turns: 639, Time: 00:00:13

Health: -1/23      AC:  6    Str: 17    XL:     3   Next: 81%
Magic:  3/3        EV: 11    Int: 10    God:
Gold:   0          SH:  0    Dex: 11    Spells: 2/2 levels left

rFire   . . .      SeeInvis .   Y - +0 hand axe
rCold   . . .      Faith    .   (no shield)
rNeg    + . .      Spirit   .   b - +0 leather armour
rPois   inf        Reflect  .   (no helmet)
rElec   +          Harm     .   (no cloak)
rCorr   .          Rampage  .   (no gloves)
Will    .....                   (no boots)
Stlth   +++.......              (no amulet)
HPRegen 0.07/turn               (no ring)
MPRegen 0.08/turn               (no ring)

@: no status effects
A: sickness immunity, AC +3, negative energy resistance 1, electricity
resistance, torment resistance 1, petrification resistance
a: no special abilities


You were on level 4 of the Dungeon.
You visited 1 branch of the dungeon, and saw 3 of its levels.


Innate Abilities, Weirdness & Mutations

You are immune to sickness and miasma.
Your stone body is resilient. (AC +3)
You are immune to poison.
You resist negative energy. (rN+)
You are resistant to electric shocks. (rElec)
You are resistant to unholy torment.
You are immune to petrification.


   Skills:
 - Level 3.2 Fighting
 + Level 3.6 Axes
 - Level 1.5 Dodging
 - Level 5.4 Stealth


You had 2 spell levels left.
You didn't know any spells.
Your spell library was empty.

Inventory:

Hand Weapons
 Y - a +0 hand axe (weapon)
Armour
 b - a +0 leather armour (worn)
Wands
 g - a wand of digging (3)
Potions
 f - a potion of haste
 h - a potion of ambrosia {unknown}

Dungeon Overview and Level Annotations

Branches:
Dungeon (6/15)
 Temple: D:4-7

Altars:


Message History

You closely miss the adder.
The adder is heavily wounded.
The adder bites you but does no damage. The adder closely misses you.
You hit the adder but do no damage.
The adder is heavily wounded.
The adder barely misses you.
You hit the adder.
The adder is severely wounded.
The adder bites you but does no damage. x2
You barely miss the adder.
The adder is severely wounded.
The adder barely misses you.
You hit the adder but do no damage.
The adder is severely wounded.
The adder bites you but does no damage. The adder bites you.
You closely miss the adder.
The adder is severely wounded.
The adder bites you but does no damage.
You slash the adder!
You kill the adder!
A ball python comes into view.
The ball python hisses angrily.
You hit the ball python.
You kill the ball python!
You see here a ball python corpse.
A kobold brigand comes into view.
It is wielding a +0 club and quivering curare-tipped darts.
The kobold brigand shouts!
You closely miss the kobold brigand. The kobold brigand misses you.
You hit the kobold brigand but do no damage.
The kobold brigand hits you with a +0 club.
You miss the kobold brigand.
The kobold brigand hits you with a +0 club. x2
You barely miss the kobold brigand.
The kobold brigand hits you with a +0 club!
You barely miss the kobold brigand. The kobold brigand closely misses you.
You barely miss the kobold brigand.
The kobold brigand hits you with a +0 club.
You die...

#.#
##.#
#.#
###
#.#
#.#
#.#
#.#
#.#
####.#
#.@..#
#K####
#..
#.# #.
##


You could see a kobold brigand.

Vanquished Creatures
  An iguana (D:6)
  2 adders (D:4)
  2 orcs
  2 ball pythons (D:4)
7 creatures vanquished.

Notes
Turn   | Place    | Note
-------+----------+-------------------------------------------
     0 | D:5      | qw the Gargoyle Delver began the quest for the Orb.
     0 | D:5      | Reached XP level 1. HP: 14/14 MP: 1/1
     0 | D:5      | 0 ||| qw: Version: 0.1-a-117-gfe26ee0
     0 | D:5      | 0 ||| qw: Game counter: 9901
     0 | D:5      | 0 ||| qw: Always use a shield: true
     0 | D:5      | 0 ||| qw: God list: Okawaru
     0 | D:5      | 0 ||| qw: Allow faded altars: false
     0 | D:5      | 0 ||| qw: Do Orc after D:15 true
     0 | D:5      | 0 ||| qw: Do second Lair branch before Depths: true
     0 | D:5      | 0 ||| qw: Lair rune preference: random
     0 | D:5      | 0 ||| qw: Plans: Normal
     0 | D:5      | 0 ||| PLANNING D:1-11
    15 | D:5      | You fall into a shaft and drop 1 floor!
    23 | D:6      | 23 ||| Stepping ~*~*~tactically~*~*~ (hiding).
   144 | D:6      | Noticed an iguana
   156 | D:6      | HP: 2/14 [iguana (9)]
   160 | D:6      | Killed an iguana
   161 | D:6      | Reached skill level 3 in Axes
   161 | D:6      | Reached XP level 2. HP: 3/19 MP: 2/2
   161 | D:6      | Reached XP level 3. HP: 4/23 MP: 3/3
   481 | D:6      | 481 ||| READING scroll labelled RIDDEV DUROFO.
   482 | D:6      | 482 ||| READING scroll labelled XUEDDUTUN.
   483 | D:6      | 483 ||| DROPPING scroll of fog.
   484 | D:6      | 484 ||| DROPPING scroll of magic mapping.
   485 | D:6      | 485 ||| DROPPING scroll of fear.
   624 | D:4      | Noticed a kobold brigand
   637 | D:4      | HP: 2/23 [kobold brigand/+0 club (8)]
   639 | D:4      | Slain by a kobold brigand

Levels and vault maps discovered:
D:4:      layout_loops_ring, minmay_temple_entry_overgrown, uniq_grinder
D:5:      layout_gridville, mainiacjoe_overflow_24_doors, grunt_tough_drop
D:6:      layout_gridville, skrybe_limestone_x

Skill      XL: |  1 |
---------------+----+-----
Axes           | 3 |  3.6
Fighting       | |  3.2
Dodging        | |  1.5
Stealth        | |  5.4

Action                   || total
-------------------------++-------
Melee: Hand axe          ||    37
  Use: Scroll            ||     2
 Stab: Sleeping          ||     1
Armor: Leather armour    ||    16
Dodge: Dodged            ||    14

Table legend:
 A = Non-vault XP
 B = Vault XP
 C = Vault XP percentage of total XP
 D = Non-vault monster count
 E = Vault monster count
 F = Vault count percentage of total count
                 A         B        C        D         E       F
            +---------+---------+-------+---------+---------+-------
      Total |      73 |       0 |   0.0 |       7 |       0 |   0.0
            +---------+---------+-------+---------+---------+-------
        D:4 |      33 |       0 |   0.0 |       5 |       0 |   0.0
        D:6 |      40 |       0 |   0.0 |       2 |       0 |   0.0
            +---------+---------+-------+---------+---------+-------
